 Dungeon Sprint DCSS version 0.29-a0-757-g358383bc75 (webtiles) character file.

Game seed: 1975085443210333298

1335 Hipnos the Arsonist (level 8, -1/41 HPs)
             Began as a Deep Elf Fire Elementalist on June 30, 2022.
             Killed from afar by an electric eel (16 damage)
             ... with a bolt of electricity
             ... in the Dungeon (Sprint II: "The Violet Keep of Menkaure").
             The game lasted 00:06:32 (1118 turns).

Hipnos the Arsonist (Deep Elf Fire Elementalist)    Turns: 1118, Time: 00:06:32

Health: -1/41      AC:  7    Str:  3    XL:     8   Next: 35%
Magic:  24/24      EV: 15    Int: 23    God:
Gold:   389        SH:  0    Dex: 13    Spells: 19/32 levels left

rFire   . . .      SeeInvis .   h - +0 spear
rCold   . . .      Faith    .   (no shield)
rNeg    . . .      Spirit   .   a - +0 robe
rPois   .          Reflect  .   (no helmet)
rElec   .          Harm     .   (no cloak)
rCorr   .          Rampage  .   b - +0 pair of gloves {hurl}
Will    .....      NoTele   +   (no boots)
Stlth   +++.......              (no amulet)
HPRegen 0.13/turn               i - +4 ring of protection
MPRegen 0.19/turn               (no ring)

@: no status effects
A: clumsy 1, low MP 1, weak 1
a: no special abilities


You were in the Dungeon.
You visited 1 branch You collected 972 gold pieces.
You spent 583 gold pieces at shops.

Inventory:

Hand Weapons
 h - a +0 spear (weapon)
Armour
 a - a +0 robe (worn)
 b - a +0 pair of gloves of hurling (worn)
Jewellery
 i - a +4 ring of protection (left hand)
Potions
 c - a potion of curing
 e - a potion of haste
 f - a potion of berserk rage


   Skills:
 + Level 7.5 Dodging
 + Level 6.4 Stealth
 + Level 12.6 Spellcasting
 + Level 5.8 Conjurations
 + Level 14.5 Fire Magic


You had 19 spell levels left.
You knew the following spells:

 Your Spells              Type           Power      Damage    Failure   Level
a - Foxfire               Conj/Fire      100%       2x1d9     1%          1
b - Scorch                Fire           100%       2d10      0%          2
c - Conjure Flame         Conj/Fire      57%        6-21      1%          3
d - Inner Flame           Hex/Fire       47%        N/A       1%          3
e - Flame Wave            Conj/Fire      57%        2d11      1%          4

Your spell library contained the following spells:

 Spells                   Type           Power      Damage    Failure   Level


Dungeon Overview and Level Annotations

Branches:
Dungeon (1/1)

Altars:

Shops:
D ?*::=?(([!!(=[=

Annotations:
D exclusion: oklob plant, Kirke, Roxanne


Innate Abilities, Weirdness & Mutations

You are clumsy. (Dex -2)
Your magical capacity is low. (-10% MP)
You are weak. (Str -2)


Message History

Roxanne mutters, "When I said I wanted to live forever... this was not what I had in mind."
Roxanne says, "A mighty warrior you might be, a mason you are not!"
Roxanne mutters, "When I said I wanted to live forever... this was not what I had in mind."
HP restored.
There is an open door here.
There is an open door here.
There is a staircase leading out of the dungeon here.
There is an open door here.
As you open the door, it creaks loudly!
There is an open door here.
You open the gate. 2 electric eels come into view.
The electric eel shoots out a bolt of lightning at you!
The bolt of electricity misses you. The bolt of electricity hits you!
The bolt of electricity hits the electric eel.
The electric eel completely resists.
The electric eel shoots out a bolt of lightning at you!
The bolt of electricity hits the electric eel.
The electric eel completely resists.
The bolt of electricity hits you. The bolt of electricity misses you.
The electric eel shoots out a bolt of lightning at you!
The bolt of electricity misses you.
The electric eel shoots out a bolt of lightning at you!
The bolt of electricity hits the electric eel.
The electric eel completely resists.
The bolt of electricity hits the electric eel.
The electric eel completely resists.
The bolt of electricity hits the electric eel.
The electric eel completely resists.
The bolt of electricity hits you.
The electric eel shoots out a bolt of lightning at you!
The bolt of electricity hits the electric eel.
The electric eel completely resists.
The bolt of electricity hits you!
* * * LOW HITPOINT WARNING * * *
Kirke, a yaktaur captain and a skeletal warrior come into view.
You feel much better.
The electric eel shoots out a bolt of lightning at you!
The bolt of electricity hits you!
The electric eel shoots out a bolt of lightning at you!
The bolt of electricity hits you!
You die... ####+#### ##§≈≈≈≈§§## ##≈≈≈§≈§§§≈## +S≈≈≈≈§§§§≈§# @ ##≈≈§SSS≈§≈# cz.≈## §SSSS≈#

##########≈≈#+++#''§##
#########≈≈≈....@.≈..#
........#≈≈≈≈.##'##..#
....⌠...#≈≈≈≈##...##.#
...∩.∩..#≈≈≈≈#..#..# ..
..∩.∩.∩.#≈≈####...####..
.∩.∩.∩.∩#≈##.###'###.#
.. ∩.∩.....#≈#..###.##.#
. .∩.....∩'≈'.##'.<.'##
∩.......#≈#.#.##.##.# .


You could see 7 electric eels.

Vanquished Creatures
  A merfolk siren (D)
  2 wyverns (D)
  4 neqoxecs (D)
  Menkaure (D)
  A water moccasin (D)
  3 worms (D)
12 creatures vanquished.

Vanquished Creatures (others)
  41 foxfires (D)
41 creatures vanquished.

Grand Total: 53 creatures vanquished

Notes
Turn   | Place    | Note
-------+----------+-------------------------------------------
     0 | D        | Hipnos the Deep Elf Fire Elementalist began the quest for
                  | the Orb.
     0 | D        | Reached XP level 1. HP: 10/10 MP: 6/6
     1 | D        | Noticed a wyvern
     1 | D        | Noticed a wyvern
     5 | D        | Noticed a merfolk siren
    25 | D        | Killed a merfolk siren
    26 | D        | Reached skill level 5 in Dodging
    26 | D        | Reached skill level 5 in Stealth
    26 | D        | Reached skill level 11 in Fire Magic
    26 | D        | Reached XP level 2. HP: 15/15 MP: 6/13
    26 | D        | Reached XP level 3. HP: 19/19 MP: 6/15
    26 | D        | Reached XP level 4. HP: 24/24 MP: 6/16
    26 | D        | Reached XP level 5. HP: 28/28 MP: 6/18
    26 | D        | Reached XP level 6. HP: 32/32 MP: 6/19
   106 | D        | Learned a level 2 spell: Scorch
   110 | D        | Learned a level 3 spell: Conjure Flame
   114 | D        | Learned a level 3 spell: Inner Flame
   119 | D        | Learned a level 4 spell: Flame Wave
   228 | D        | Noticed a neqoxec
   228 | D        | Noticed a neqoxec
   230 | D        | Noticed a neqoxec
   233 | D        | Killed a neqoxec
   234 | D        | Noticed a neqoxec
   237 | D        | Killed a neqoxec
   238 | D        | Reached skill level 10 in Spellcasting
   238 | D        | Reached skill level 12 in Fire Magic
   238 | D        | Reached XP level 7. HP: 32/36 MP: 3/22
   238 | D        | Killed a neqoxec
   238 | D        | Gained mutation: You are weak. (Str -2) [a neqoxec]
   239 | D        | Reached skill level 13 in Fire Magic
   239 | D        | Gained mutation: You are clumsy. (Dex -2) [a neqoxec]
   242 | D        | Gained mutation: Your magical capacity is low. (-10% MP) [a
                  | neqoxec]
   243 | D        | Killed a neqoxec
   244 | D        | Reached skill level 5 in Conjurations
   303 | D        | Noticed Roxanne
   360 | D        | Killed a wyvern
   361 | D        | Reached XP level 8. HP: 41/41 MP: 13/23
   366 | D        | Reached skill level 14 in Fire Magic
   560 | D        | Found Fainus's Antique Armour Shoppe.
   560 | D        | Found Boskac's Weapon Emporium.
   560 | D        | Found Zuneison's Jewellery Emporium.
   560 | D        | Found Giheiqa's Distillery.
   560 | D        | Found Zoub Ycwu's Distillery.
   562 | D        | Found Xosty's Antique Armour Shoppe.
   562 | D        | Found Tycwib's Antique Weapon Emporium.
   563 | D        | Found Womeit's Weapon Shoppe.
   563 | D        | Found Taaraoca's Magic Scroll Emporium.
   564 | D        | Found Ceamio's Jewellery Emporium.
   564 | D        | Noticed an iron elemental
   565 | D        | Found Zaodut's Jewellery Shoppe.
   565 | D        | Found Vomios's Book Emporium.
   565 | D        | Noticed Menkaure
   565 | D        | Noticed an oklob plant
   571 | D        | Killed Menkaure
   574 | D        | Found Ela Sosk's General Store.
   574 | D        | Found Hyot's Magic Scroll Emporium.
   574 | D        | Found Lefel's Book Shoppe.
   576 | D        | Noticed a polar bear
   600 | D        | Noticed a great orb of eyes
   601 | D        | Noticed a polar bear
   615 | D        | Bought a pair of runed gloves for 187 gold pieces
   622 | D        | Bought a +4 ring of protection for 396 gold pieces
  1115 | D        | Noticed Kirke
  1115 | D        | Noticed a yaktaur captain
  1115 | D        | Noticed a skeletal warrior
  1118 | D        | Killed from afar by an electric eel

Illustrated notes

Levels and vault maps discovered:
D:        the_violet_keep_of_menkaure [sprint2_stairs_cluster_1,
          sprint2_shoproom, sprint2_temple, sprint2_basic_supplies,
          sprint2_obstacle_6, sprint2_obstacle_2, sprint2_obstacle_7,
          sprint2_obstacle_3, sprint2_obstacle_4, sprint2_timed_cluster_1,
          sprint2_smallroom_cluster_1, sprint2_smallroom_final_cluster_1,
          sprint2_transparent_cluster_1, sprint2_second_timed_cluster_1,
          sprint2_sniper_area_1, sprint2_heavy_combat_area_1,
          sprint2_mutation_trap_area_1, sprint2_forest_area_1,
          sprint2_light_combat_area_1, sprint2_behind_water_1,
          sprint2_near_end_vault_1]

Skill      XL: |  1  2  3  4  5  6  7  8 |
---------------+-------------------------+-----
Dodging        | 5 6 7 |  7.5
Stealth        | 5 6 |  6.4
Spellcasting   | 8 10 11 12 | 12.6
Conjurations   | 3 4 5 |  5.8
Fire Magic     | 11 12 13 14 | 14.5

Action                   |  1- 3 |  4- 6 |  7- 9 || total
-------------------------+-------+-------+-------++-------
 Cast: Foxfire           |    13 |       |    14 ||    27
       Flame Wave        |       |     3 |       ||     3
       Scorch            |       |       |    18 ||    18
       Conjure Flame     |       |       |     1 ||     1
  Use: Potion            |     2 |       |     2 ||     4
       Scroll            |       |       |     1 ||     1
Armor: Robe              |       |     2 |       ||     2
Dodge: Dodged            |       |     3 |     7 ||    10

Table legend: (Time is in decaauts)
 A = Elapsed time spent in this place.
 B = Non-inter-level travel time spent in this place.
 C = Inter-level travel time spent in this place.
 D = Time resting spent in this place.
 E = Time spent auto-exploring this place.
 F = Levels seen in this place.
 G = Mean time per level.
                   A        B        C        D        E       F      G
               +--------+--------+--------+--------+--------+-----+--------+
         Total |   1129 |   1129 |      0 |    879 |      0 |   1 | 1129.0 |
       Dungeon |   1129 |   1129 |      0 |    879 |      0 |   1 | 1129.0 |
               +--------+--------+--------+--------+--------+-----+--------+

Top non-repeatable levels by time:
       D: 1129 daAuts
